 Dungeon Crawl Stone Soup version 0.32-a0-898-g7811c86cf0 (webtiles) character file.

Game seed: 8663978238462785899

214 Hellmel the Slasher (level 5, 0/41 HPs)
             Began as a Demonspawn Gladiator on Apr 4, 2024.
             Slain by a phantom (2 damage)
             ... on level 4 of the Dungeon.
             The game lasted 00:02:59 (2619 turns).

Hellmel the Slasher (Demonspawn Gladiator)          Turns: 2619, Time: 00:02:59

Health: 0/41       AC:  4    Str: 18 (20) XL:     5   Next: 59%
Magic:  0/5        EV: 11    Int:  5 (7)  God:
Gold:   132        SH:  0    Dex: 12 (14) Spells: 4/4 levels left

rFire   . . .        a - +0 long sword
rCold   . . .        (no shield)
rNeg    . . .        b - +0 leather armour
rPois   .            c - +0 helmet
rElec   .            (no cloak)
rCorr   .            (no gloves)
SInv    .            (no boots)
Will    .....        k - amulet of guardian spirit
Stlth   +            h - ring of flight
HPRegen 0.26/turn    (no ring)
MPRegen 0.09/turn

%: guardian spirit
@: brilliant, lethally poisoned (0 -> -3), flying
A: claws 1, strong 1
a: no special abilities


You were on level 4 of the Dungeon.
You visited 1 branch of the dungeon, and saw 4 of its levels.

You collected 132 gold pieces.

Inventory:

Hand Weapons
 a - a +0 long sword (weapon)
 p - the +7 sling of the Stopping Gods {drain, rN++}
   (You found it on level 3 of the Dungeon)

   rN++:      It greatly protects you from negative energy.
Missiles
 d - 3 throwing nets (quivered)
 e - 7 javelins
Armour
 b - a +0 leather armour (worn)
 c - a +0 helmet (worn)
Jewellery
 h - a ring of flight (left claw)
 k - an amulet of guardian spirit (around neck)
Wands
 o - a wand of flame (29)
Scrolls
 f - a scroll of fog {unknown}
 g - a scroll of poison {unknown}
 i - a scroll of revelation {unknown}
 l - a scroll of teleportation {unknown}
 m - 2 scrolls of identify {unknown}
 r - a scroll of summoning {unknown}


   Skills:
 + Level 3.1 Fighting
 + Level 4.4 Long Blades
 + Level 2.0 Throwing
 + Level 1.5 Armour
 + Level 3.2 Dodging
 + Level 0.2 Stealth


You had 4 spell levels left.
You didn't know any spells.
Your spell library contained the following spells:

 Spells                   Type           Power      Damage    Failure   Level
 Cigotuvi's Dreadful Rot  Necr/Alch/Air  0%         N/A       67%         2
 Sublimation of Blood     Necr           0%         N/A       67%         2
 Dispel Undead            Necr           0%         3d6       99%         4
 Martyr's Knell           Necr/Summ      0%         N/A       99%         4
 Petrify                  Alch/Erth      0%         N/A       99%         4
 Irradiate                Conj/Alch      0%         3d11      100%        5


Dungeon Overview and Level Annotations

Branches:
Dungeon (4/15)
 Temple: D:4-7

Altars:
Ashenzari
Xom

Shops:
D:1 (


Innate Abilities, Weirdness & Mutations

You have sharp fingernails.
Your muscles are strong. (Str +4, Int/Dex -1)


Message History

You are too injured to fight recklessly!
You are too injured to fight recklessly!
You are too injured to fight recklessly!
You are too injured to fight recklessly!
You are too injured to fight recklessly!
You are too injured to fight recklessly!
You are too injured to fight recklessly!
You are too injured to fight recklessly!
You are too injured to fight recklessly!
You are too injured to fight recklessly!
You feel sick.
There is an open door here.
You barely miss the orc.
The orc is severely wounded.
You feel sick.
The orc hits you with a +2 dagger of venom.
You are more poisoned.
You hit the orc.
You kill the orc!
* * * LOW HITPOINT WARNING * * *
You feel very sick. The phantom barely misses you.
It was a potion of degeneration.
There was something very wrong with that liquid.
You feel weakened.
You feel dopey.
You feel clumsy.
* * * LOW HITPOINT WARNING * * *
You feel sick. The phantom barely misses you.
It was a potion of mutation.
You feel extremely strange.
You feel stronger.
* * * LOW HITPOINT WARNING * * *
You feel sick. The phantom closely misses you.
It was a potion of brilliance.
You feel clever all of a sudden.
* * * LOW HITPOINT WARNING * * *
You feel sick. The phantom hits you.
* * * LOW HITPOINT WARNING * * *
You closely miss the phantom.
* * * LOW HITPOINT WARNING * * *
You feel sick. The phantom hits you.
You die...

#........... ....
..##..
#..........###...
#..
#..........+.#..
#...
#.....)..###.#'#
...##
#........#...$.#
...#
#.......>#.....#
###
#........#..w..#
#>.....#####W#
##.###.'...@.#
#.#####...###
#.'.#.......#
###.#+#...#+#
###.....#.).#
###.'.....##+##
#...#.....#
#.#####.#+#
#.'...+.#


You could see a phantom and a ribbon worm.

Vanquished Creatures
  A hound (D:3)
  A bombardier beetle (D:3)
  Natasha (thrice) (D:2)
  An adder (D:2)
  A ribbon worm (D:3)
  2 dart slugs
  3 orcs
  5 ball pythons
  5 bats
  3 endoplasms (D:3)
  3 giant cockroaches
  2 goblins
  7 hobgoblins
  7 jackals
  3 quokkas
  3 frilled lizards
  4 kobolds (D:3)
  2 rats (D:1)
56 creatures vanquished.

Notes
Turn   | Place    | Note
-------+----------+-------------------------------------------
     0 | D:1      | Hellmel the Demonspawn Gladiator began the quest for the
                  | Orb.
     0 | D:1      | Reached XP level 1. HP: 16/16 MP: 1/1
   303 | D:1      | Reached skill level 3 in Long Blades
   303 | D:1      | Gained mutation: You have sharp fingernails. [demonic
                  | ancestry]
   303 | D:1      | Reached XP level 2. HP: 20/22 MP: 2/2
   361 | D:1      | Found Zunit's Weapon Shop.
   753 | D:2      | Reached XP level 3. HP: 26/27 MP: 1/3
  1050 | D:2      | Found a faded altar of an unknown god.
  1202 | D:2      | Noticed Natasha
  1210 | D:2      | Killed Natasha
  1216 | D:2      | Noticed Natasha
  1222 | D:2      | Killed Natasha
  1223 | D:2      | Reached skill level 1 in Armour
  1223 | D:2      | Reached XP level 4. HP: 10/34 MP: 2/4
  1346 | D:2      | You are sucked into a shaft and drop 2 floors!
  1402 | D:3      | Reached skill level 4 in Long Blades
  1617 | D:2      | Noticed Natasha
  1624 | D:2      | Killed Natasha
  1625 | D:2      | Reached XP level 5. HP: 36/39 MP: 3/5
  1866 | D:3      | Identified the +7 sling of the Stopping Gods {drain, rN++}
  1900 | D:3      | Found a broken altar of Ashenzari.
  2560 | D:4      | Found a shimmering altar of Xom.
  2607 | D:4      | Noticed a phantom
  2617 | D:4      | Gained mutation: Your muscles are strong. (Str +4, Int/Dex
                  | -1) [potion of mutation]
  2619 | D:4      | HP: 2/41 [poisoned by an orc]
  2619 | D:4      | Slain by a phantom

Illustrated notes

Levels and vault maps discovered:
D:1:      minmay_arrival_widening_spiral_wide, layout_basic, serial_shops, shop
D:2:      layout_loops_ring, basic_ecumenical_altar, uniq_natasha
D:3:      layout_loops_cross, cheibrodos_ashenzari_chains, kennysheep_donut
D:4:      nicolae_cairo_tiling_large, layout_rooms,
          mainiacjoe_overflow_tiny_flanked, kennysheep_mini, temple_fountains,
          roderic_serpentine_path, hangedman_abyss_or_decor_stagger,
          uniq_crazy_yiuf_cottage

Skill      XL: |  1  2  3  4  5 |
---------------+----------------+-----
Long Blades    | 3 4 |  4.4
Throwing       | 2 |  2.0
Dodging        | 3 |  3.2
Armour         | 1 |  1.5
Fighting       | 3 |  3.1
Stealth        | |  0.2

Action                     |  1- 3 |  4- 6 || total
---------------------------+-------+-------++-------
  Melee: Long sword        |    76 |    93 ||   169
    Use: Potion            |     1 |     3 ||     4
   Stab: Sleeping          |       |     1 ||     1
 Armour: Leather armour    |    53 |   106 ||   159
  Dodge: Dodged            |    55 |    61 ||   116

Table legend: (Time is in decaauts)
 A = Elapsed time spent in this place.
 B = Non-inter-level travel time spent in this place.
 C = Inter-level travel time spent in this place.
 D = Time resting spent in this place.
 E = Time spent auto-exploring this place.
 F = Levels seen in this place.
 G = Mean time per level.
                   A        B        C        D        E       F      G
               +--------+--------+--------+--------+--------+-----+--------+
         Total |   2647 |   2505 |    142 |     45 |   2003 |   4 |  661.8 |
       Dungeon |   2647 |   2505 |    142 |     45 |   2003 |   4 |  661.8 |
               +--------+--------+--------+--------+--------+-----+--------+

Top non-repeatable levels by time:
     D:3: 928 daAuts
     D:2: 899 daAuts
     D:1: 673 daAuts
     D:4: 146 daAuts
